[ AOE2 MATCH · #505979064 ]
UnrankedEthiopians vs Sicilians
Player's team · WIN
[ REPLAY ANALYSIS · EXTRACTED FROM THE RECORDED GAME ]
Feudal
12:23
Castle
34:14
Imperial
52:15
| APM avg | 65.7 |
| APM peak | 103 |
| eAPM avg | 29.2 |
| Villagers / military | 180 / 126 |
Focus
⚔️ 30.6% · 🌾 69.4%
Archer ×88 · Shotel Warrior ×11 · Mangonel ×9 · Skirmisher ×6 · Bombard Cannon ×5 · Trebuchet (Packed) ×3
Feudal
23:10
Castle
36:09
Imperial
51:31
| APM avg | 55.8 |
| APM peak | 84 |
| eAPM avg | 32.8 |
| Villagers / military | 219 / 112 |
Focus
⚔️ 37.1% · 🌾 62.9%
Knight ×29 · Serjeant ×25 · Skirmisher ×21 · Mangonel ×19 · Battering Ram ×11 · Trebuchet (Packed) ×4
Match map
Initial resources + every placement click. Lines = walls · curves = elevation contours. ◆ gold · ⬟ stone · ● berries · ✦ relic · ◌ wall gap
Your base· ✓ Closed at 34:14 · 79t walls · 2 gate(s)
STORM | Noszombie's base· ✓ Closed at 36:09 · 88t walls · 4 gate(s)
Smoothed initial terrain · ◌ = detected wall gap · hover for details
Inputs per minute
— Dziamdziak - - STORM | Noszombie
Build order — Dziamdziak
First 150 of 537 actions detected
| 0:00 | Queue | Villager (Male) |
| 0:01 | Queue | Villager (Male) |
| 0:02 | Build | House |
| 0:03 | Build | House |
| 0:19 | Queue | Villager (Male) |
| 0:24 | Queue | Villager (Male) |
| 0:24 | Queue | Villager (Male) |
| 1:33 | Research | Loom |
| 1:33 | Queue | Villager (Male) |
| 2:03 | Build | Palisade Wall |
| 2:19 | Queue | Villager (Male) |
| 2:19 | Queue | Villager (Male) |
| 2:48 | Build | Palisade Wall |
| 3:00 | Queue | Villager (Male) |
| 3:01 | Queue | Villager (Male) |
| 3:21 | Build | Lumber Camp |
| 3:24 | Queue | Villager (Male) |
| 3:31 | Build | Palisade Wall |
| 3:54 | Queue | Villager (Male) |
| 3:54 | Queue | Villager (Male) |
| 4:22 | Queue | Villager (Male) |
| 4:23 | Queue | Villager (Male) |
| 4:45 | Build | House |
| 4:49 | Queue | Villager (Male) |
| 4:49 | Queue | Villager (Male) |
| 5:12 | Queue | Villager (Male) |
| 5:12 | Queue | Villager (Male) |
| 5:31 | Queue | Villager (Male) |
| 5:32 | Queue | Villager (Male) |
| 6:17 | Build | Mill |
| 6:23 | Queue | Villager (Male) |
| 6:37 | Build | Palisade Wall |
| 6:40 | Queue | Villager (Male) |
| 7:08 | Queue | Villager (Male) |
| 7:24 | Build | House |
| 7:48 | Build | Palisade Wall |
| 8:13 | Queue | Villager (Male) |
| 8:13 | Queue | Villager (Male) |
| 8:44 | Queue | Villager (Male) |
| 9:11 | Build | Palisade Wall |
| 9:31 | Build | Palisade Wall |
| 9:33 | Build | Palisade Wall |
| 9:35 | Build | Palisade Wall |
| 9:37 | Build | Palisade Wall |
| 9:48 | Queue | Villager (Male) |
| 10:05 | Research | Feudal Age |
| 10:05 | Research | Feudal Age |
| 10:58 | Queue | Villager (Male) |
| 10:58 | Queue | Villager (Male) |
| 11:30 | Build | Palisade Wall |
| 11:36 | Build | Palisade Wall |
| 11:39 | Build | Palisade Wall |
| 11:57 | Build | Palisade Wall |
| 11:58 | Build | Palisade Wall |
| 12:13 | Build | Palisade Wall |
| 12:17 | Build | Palisade Wall |
| 12:23 | Age | Feudal Age |
| 12:25 | Queue | Villager (Male) |
| 12:33 | Build | Watch Tower |
| 12:42 | Build | Palisade Wall |
| 12:45 | Build | Palisade Wall |
| 12:57 | Queue | Villager (Male) |
| 12:58 | Research | Double-Bit Axe |
| 12:58 | Research | Double-Bit Axe |
| 13:38 | Build | Palisade Wall |
| 13:41 | Build | Palisade Wall |
| 13:43 | Build | Palisade Wall |
| 13:45 | Build | Palisade Wall |
| 13:57 | Queue | Villager (Male) |
| 13:57 | Queue | Villager (Male) |
| 14:11 | Queue | Villager (Male) |
| 14:11 | Queue | Villager (Male) |
| 14:47 | Queue | Villager (Male) |
| 14:47 | Queue | Villager (Male) |
| 15:02 | Build | Palisade Wall |
| 15:17 | Queue | Villager (Male) |
| 15:17 | Queue | Villager (Male) |
| 15:47 | Queue | Villager (Male) |
| 15:51 | Build | Stone Wall |
| 16:04 | Build | Stone Wall |
| 16:30 | Build | Stone Wall |
| 16:51 | Queue | Villager (Male) |
| 17:05 | Build | Farm |
| 17:13 | Build | Stone Wall |
| 17:14 | Build | Stone Wall |
| 17:14 | Build | Stone Wall |
| 17:15 | Build | Stone Wall |
| 17:16 | Build | Stone Wall |
| 17:29 | Build | Palisade Gate |
| 17:40 | Build | Farm |
| 18:00 | Build | Farm |
| 18:02 | Build | Farm |
| 18:02 | Build | Farm |
| 18:20 | Build | Palisade Wall |
| 18:21 | Build | Palisade Wall |
| 18:23 | Build | Palisade Wall |
| 18:24 | Build | Palisade Wall |
| 18:31 | Queue | Villager (Male) |
| 18:55 | Build | Farm |
| 19:19 | Build | Farm |
| 19:31 | Queue | Villager (Male) |
| 19:39 | Build | Palisade Wall |
| 19:40 | Build | Palisade Wall |
| 19:48 | Build | Farm |
| 19:51 | Queue | Villager (Male) |
| 20:10 | Build | Mining Camp |
| 20:25 | Queue | Villager (Male) |
| 20:41 | Queue | Villager (Male) |
| 21:04 | Build | Market |
| 21:17 | Queue | Villager (Male) |
| 21:17 | Queue | Villager (Male) |
| 21:21 | Build | House |
| 21:42 | Build | Barracks |
| 22:05 | Queue | Villager (Male) |
| 22:20 | Build | Palisade Wall |
| 22:23 | Build | Palisade Wall |
| 22:26 | Build | Palisade Wall |
| 22:28 | Build | Palisade Wall |
| 22:32 | Build | Palisade Wall |
| 22:34 | Queue | Villager (Male) |
| 22:40 | Build | Archery Range |
| 22:49 | Build | Palisade Wall |
| 22:50 | Build | Palisade Wall |
| 22:51 | Build | Palisade Wall |
| 22:53 | Build | Palisade Wall |
| 22:54 | Build | Palisade Wall |
| 22:55 | Build | Palisade Wall |
| 22:58 | Build | Palisade Wall |
| 23:03 | Queue | Villager (Male) |
| 23:03 | Queue | Villager (Male) |
| 23:18 | Build | House |
| 23:32 | Build | Mining Camp |
| 23:34 | Queue | Archer |
| 23:47 | Queue | Villager (Male) |
| 23:48 | Build | House |
| 23:50 | Build | House |
| 23:51 | Build | House |
| 23:55 | Build | Palisade Wall |
| 23:57 | Build | Palisade Wall |
| 24:20 | Queue | Archer |
| 24:39 | Build | Watch Tower |
| 25:00 | Queue | Villager (Male) |
| 25:14 | Queue | Villager (Male) |
| 25:39 | Queue | Archer |
| 25:50 | Build | Blacksmith |
| 25:52 | Queue | Archer |
| 25:58 | Research | Town Watch |
| 25:58 | Research | Town Watch |
| 26:02 | Queue | Archer |
| 26:10 | Build | Palisade Wall |
Build order — STORM | Noszombie
First 150 of 643 actions detected
| 0:01 | Queue | Villager (Male) |
| 0:01 | Queue | Villager (Male) |
| 0:02 | Build | House |
| 0:04 | Build | House |
| 0:04 | Queue | Villager (Male) |
| 0:08 | Queue | Villager (Male) |
| 0:09 | Queue | Villager (Male) |
| 1:05 | Research | Loom |
| 1:08 | Queue | Villager (Male) |
| 1:44 | Queue | Villager (Male) |
| 1:44 | Queue | Villager (Male) |
| 1:48 | Build | Palisade Wall |
| 2:21 | Queue | Villager (Male) |
| 3:03 | Queue | Villager (Male) |
| 3:29 | Queue | Villager (Male) |
| 3:58 | Build | Lumber Camp |
| 4:01 | Build | Palisade Wall |
| 4:12 | Queue | Villager (Male) |
| 4:12 | Queue | Villager (Male) |
| 4:39 | Queue | Villager (Male) |
| 4:40 | Queue | Villager (Male) |
| 4:56 | Build | House |
| 4:58 | Queue | Villager (Male) |
| 4:59 | Queue | Villager (Male) |
| 5:26 | Queue | Villager (Male) |
| 5:26 | Queue | Villager (Male) |
| 5:37 | Build | House |
| 5:47 | Queue | Villager (Male) |
| 6:42 | Queue | Villager (Male) |
| 6:43 | Queue | Villager (Male) |
| 7:16 | Build | Palisade Gate |
| 7:24 | Queue | Villager (Male) |
| 7:24 | Queue | Villager (Male) |
| 7:27 | Build | Palisade Gate |
| 7:56 | Queue | Villager (Male) |
| 7:56 | Queue | Villager (Male) |
| 8:12 | Build | Palisade Wall |
| 8:16 | Build | Palisade Gate |
| 8:25 | Build | Palisade Wall |
| 8:31 | Build | Palisade Wall |
| 8:42 | Queue | Villager (Male) |
| 9:08 | Queue | Villager (Male) |
| 9:08 | Queue | Villager (Male) |
| 9:13 | Queue | Villager (Male) |
| 9:27 | Build | Palisade Gate |
| 9:31 | Queue | Villager (Male) |
| 9:32 | Build | House |
| 10:02 | Build | Mill |
| 10:33 | Queue | Villager (Male) |
| 10:33 | Queue | Villager (Male) |
| 10:33 | Queue | Villager (Male) |
| 11:01 | Queue | Villager (Male) |
| 11:02 | Queue | Villager (Male) |
| 11:16 | Queue | Villager (Male) |
| 11:17 | Queue | Villager (Male) |
| 11:22 | Build | House |
| 11:30 | Build | Palisade Gate |
| 11:59 | Build | Palisade Wall |
| 12:10 | Queue | Villager (Male) |
| 12:10 | Queue | Villager (Male) |
| 12:20 | Queue | Villager (Male) |
| 12:43 | Build | Palisade Wall |
| 12:49 | Queue | Villager (Male) |
| 12:49 | Queue | Villager (Male) |
| 13:11 | Queue | Villager (Male) |
| 13:21 | Queue | Villager (Male) |
| 13:32 | Queue | Villager (Male) |
| 13:32 | Queue | Villager (Male) |
| 13:56 | Queue | Villager (Male) |
| 13:56 | Queue | Villager (Male) |
| 14:04 | Queue | Villager (Male) |
| 14:15 | Queue | Villager (Male) |
| 14:15 | Queue | Villager (Male) |
| 14:15 | Queue | Villager (Male) |
| 14:41 | Build | House |
| 14:42 | Build | House |
| 14:47 | Build | Palisade Wall |
| 14:55 | Queue | Villager (Male) |
| 14:55 | Queue | Villager (Male) |
| 14:56 | Queue | Villager (Male) |
| 15:38 | Queue | Villager (Male) |
| 15:46 | Build | Palisade Wall |
| 15:48 | Build | Palisade Wall |
| 15:49 | Build | Palisade Wall |
| 15:51 | Queue | Villager (Male) |
| 15:51 | Queue | Villager (Male) |
| 16:00 | Queue | Villager (Male) |
| 16:01 | Queue | Villager (Male) |
| 16:38 | Queue | Villager (Male) |
| 16:38 | Queue | Villager (Male) |
| 16:43 | Build | Palisade Wall |
| 16:44 | Build | Palisade Wall |
| 16:45 | Build | Palisade Wall |
| 16:54 | Build | Palisade Wall |
| 17:07 | Queue | Villager (Male) |
| 17:08 | Queue | Villager (Male) |
| 17:17 | Build | Farm |
| 17:37 | Build | Lumber Camp |
| 17:50 | Queue | Villager (Male) |
| 17:51 | Build | Farm |
| 18:03 | Build | Palisade Wall |
| 18:04 | Build | Palisade Wall |
| 18:07 | Queue | Villager (Male) |
| 18:18 | Build | Palisade Wall |
| 18:26 | Build | Palisade Wall |
| 18:29 | Build | Palisade Wall |
| 18:32 | Build | Palisade Wall |
| 18:33 | Build | Palisade Wall |
| 18:37 | Build | Palisade Wall |
| 18:40 | Build | Palisade Wall |
| 18:42 | Build | Palisade Wall |
| 18:51 | Build | Palisade Wall |
| 18:55 | Build | Palisade Wall |
| 18:57 | Build | Palisade Wall |
| 19:05 | Build | Mill |
| 19:11 | Queue | Villager (Male) |
| 19:19 | Build | Palisade Wall |
| 19:22 | Queue | Villager (Male) |
| 19:25 | Build | Palisade Wall |
| 19:33 | Build | Palisade Wall |
| 19:36 | Build | Palisade Wall |
| 19:51 | Build | Donjon |
| 19:57 | Build | Palisade Wall |
| 20:07 | Build | Lumber Camp |
| 20:18 | Build | Mining Camp |
| 20:32 | Build | Palisade Wall |
| 20:51 | Build | Palisade Wall |
| 21:00 | Research | Feudal Age |
| 21:03 | Build | Palisade Wall |
| 21:06 | Build | Palisade Wall |
| 21:08 | Build | Palisade Wall |
| 21:09 | Build | Palisade Wall |
| 21:11 | Build | Palisade Wall |
| 21:46 | Build | Palisade Wall |
| 21:49 | Build | Palisade Wall |
| 22:10 | Build | Palisade Wall |
| 22:14 | Build | Palisade Wall |
| 22:16 | Build | Palisade Wall |
| 22:17 | Build | Palisade Wall |
| 22:19 | Build | Palisade Wall |
| 22:37 | Build | Palisade Wall |
| 22:40 | Build | Palisade Wall |
| 22:43 | Build | Palisade Wall |
| 22:46 | Build | Palisade Wall |
| 22:47 | Build | Palisade Wall |
| 22:59 | Build | Mining Camp |
| 23:01 | Queue | Villager (Male) |
| 23:02 | Queue | Villager (Male) |
| 23:10 | Age | Feudal Age |
| 23:14 | Queue | Serjeant |
Match timeline
| 1:48 | STORM | Noszombie · wall_segment Palisade Wall x6 |
| 2:03 | Dziamdziak · wall_segment Palisade Wall x7 |
| 2:48 | Dziamdziak · wall_segment Palisade Wall x1 |
| 3:31 | Dziamdziak · wall_segment Palisade Wall x10 |
| 4:01 | STORM | Noszombie · wall_segment Palisade Wall x9 |
| 6:37 | Dziamdziak · wall_segment Palisade Wall x7 |
| 7:48 | Dziamdziak · wall_segment Palisade Wall x5 |
| 8:12 | STORM | Noszombie · wall_segment Palisade Wall x1 |
| 8:25 | STORM | Noszombie · wall_segment Palisade Wall x1 |
| 8:31 | STORM | Noszombie · wall_segment Palisade Wall x1 |
| 9:11 | Dziamdziak · wall_segment Palisade Wall x1 |
| 9:31 | Dziamdziak · wall_segment Palisade Wall x1 |
| 9:33 | Dziamdziak · wall_segment Palisade Wall x1 |
| 9:35 | Dziamdziak · wall_segment Palisade Wall x1 |
| 9:37 | Dziamdziak · wall_segment Palisade Wall x1 |
| 11:30 | Dziamdziak · wall_segment Palisade Wall x1 |
| 11:36 | Dziamdziak · wall_segment Palisade Wall x1 |
| 11:39 | Dziamdziak · wall_segment Palisade Wall x1 |
| 11:57 | Dziamdziak · wall_segment Palisade Wall x1 |
| 11:58 | Dziamdziak · wall_segment Palisade Wall x1 |
| 11:59 | STORM | Noszombie · wall_segment Palisade Wall x1 |
| 12:13 | Dziamdziak · wall_segment Palisade Wall x1 |
| 12:17 | Dziamdziak · wall_segment Palisade Wall x1 |
| 12:23 | Dziamdziak · age_up feudal |
| 12:42 | Dziamdziak · wall_segment Palisade Wall x1 |
| 12:43 | STORM | Noszombie · wall_segment Palisade Wall x1 |
| 12:45 | Dziamdziak · wall_segment Palisade Wall x1 |
| 13:38 | Dziamdziak · wall_segment Palisade Wall x1 |
| 13:41 | Dziamdziak · wall_segment Palisade Wall x1 |
| 13:43 | Dziamdziak · wall_segment Palisade Wall x1 |
| 13:45 | Dziamdziak · wall_segment Palisade Wall x1 |
| 14:47 | STORM | Noszombie · wall_segment Palisade Wall x1 |
| 15:02 | Dziamdziak · wall_segment Palisade Wall x1 |
| 15:46 | STORM | Noszombie · wall_segment Palisade Wall x1 |
| 15:48 | STORM | Noszombie · wall_segment Palisade Wall x1 |
| 15:49 | STORM | Noszombie · wall_segment Palisade Wall x1 |
| 15:51 | Dziamdziak · wall_segment Stone Wall x1 |
| 16:04 | Dziamdziak · wall_segment Stone Wall x1 |
| 16:30 | Dziamdziak · wall_segment Stone Wall x1 |
| 16:43 | STORM | Noszombie · wall_segment Palisade Wall x1 |
| 16:44 | STORM | Noszombie · wall_segment Palisade Wall x1 |
| 16:45 | STORM | Noszombie · wall_segment Palisade Wall x1 |
| 16:54 | STORM | Noszombie · wall_segment Palisade Wall x6 |
| 17:13 | Dziamdziak · wall_segment Stone Wall x1 |
| 17:14 | Dziamdziak · wall_segment Stone Wall x1 |
| 17:14 | Dziamdziak · wall_segment Stone Wall x1 |
| 17:15 | Dziamdziak · wall_segment Stone Wall x1 |
| 17:16 | Dziamdziak · wall_segment Stone Wall x1 |
| 18:03 | STORM | Noszombie · wall_segment Palisade Wall x1 |
| 18:04 | STORM | Noszombie · wall_segment Palisade Wall x1 |
| 18:18 | STORM | Noszombie · wall_segment Palisade Wall x7 |
| 18:20 | Dziamdziak · wall_segment Palisade Wall x1 |
| 18:21 | Dziamdziak · wall_segment Palisade Wall x1 |
| 18:23 | Dziamdziak · wall_segment Palisade Wall x1 |
| 18:24 | Dziamdziak · wall_segment Palisade Wall x1 |
| 18:26 | STORM | Noszombie · wall_segment Palisade Wall x1 |
| 18:29 | STORM | Noszombie · wall_segment Palisade Wall x1 |
| 18:32 | STORM | Noszombie · wall_segment Palisade Wall x1 |
| 18:33 | STORM | Noszombie · wall_segment Palisade Wall x1 |
| 18:37 | STORM | Noszombie · wall_segment Palisade Wall x1 |
| 18:40 | STORM | Noszombie · wall_segment Palisade Wall x1 |
| 18:42 | STORM | Noszombie · wall_segment Palisade Wall x1 |
| 18:51 | STORM | Noszombie · wall_segment Palisade Wall x1 |
| 18:55 | STORM | Noszombie · wall_segment Palisade Wall x1 |
| 18:57 | STORM | Noszombie · wall_segment Palisade Wall x1 |
| 19:19 | STORM | Noszombie · wall_segment Palisade Wall x1 |
| 19:25 | STORM | Noszombie · wall_segment Palisade Wall x1 |
| 19:33 | STORM | Noszombie · wall_segment Palisade Wall x1 |
| 19:36 | STORM | Noszombie · wall_segment Palisade Wall x1 |
| 19:39 | Dziamdziak · wall_segment Palisade Wall x1 |
| 19:40 | Dziamdziak · wall_segment Palisade Wall x1 |
| 19:51 | STORM | Noszombie · first_building Donjon |
| 19:57 | STORM | Noszombie · wall_segment Palisade Wall x1 |
| 20:32 | STORM | Noszombie · wall_segment Palisade Wall x1 |
| 20:51 | STORM | Noszombie · wall_segment Palisade Wall x1 |
| 21:03 | STORM | Noszombie · wall_segment Palisade Wall x1 |
| 21:06 | STORM | Noszombie · wall_segment Palisade Wall x1 |
| 21:08 | STORM | Noszombie · wall_segment Palisade Wall x1 |
| 21:09 | STORM | Noszombie · wall_segment Palisade Wall x1 |
| 21:11 | STORM | Noszombie · wall_segment Palisade Wall x1 |
| 21:42 | Dziamdziak · first_building Barracks |
| 21:46 | STORM | Noszombie · wall_segment Palisade Wall x1 |
| 21:49 | STORM | Noszombie · wall_segment Palisade Wall x1 |
| 22:10 | STORM | Noszombie · wall_segment Palisade Wall x1 |
| 22:14 | STORM | Noszombie · wall_segment Palisade Wall x1 |
| 22:16 | STORM | Noszombie · wall_segment Palisade Wall x1 |
| 22:17 | STORM | Noszombie · wall_segment Palisade Wall x1 |
| 22:19 | STORM | Noszombie · wall_segment Palisade Wall x1 |
| 22:20 | Dziamdziak · wall_segment Palisade Wall x1 |
| 22:23 | Dziamdziak · wall_segment Palisade Wall x1 |
| 22:26 | Dziamdziak · wall_segment Palisade Wall x1 |
| 22:28 | Dziamdziak · wall_segment Palisade Wall x1 |
| 22:32 | Dziamdziak · wall_segment Palisade Wall x1 |
| 22:37 | STORM | Noszombie · wall_segment Palisade Wall x1 |
| 22:40 | STORM | Noszombie · wall_segment Palisade Wall x1 |
| 22:40 | Dziamdziak · first_building Archery Range |
| 22:43 | STORM | Noszombie · wall_segment Palisade Wall x1 |
| 22:46 | STORM | Noszombie · wall_segment Palisade Wall x1 |
| 22:47 | STORM | Noszombie · wall_segment Palisade Wall x1 |
| 22:49 | Dziamdziak · wall_segment Palisade Wall x1 |
| 22:50 | Dziamdziak · wall_segment Palisade Wall x1 |
| 22:51 | Dziamdziak · wall_segment Palisade Wall x1 |
| 22:53 | Dziamdziak · wall_segment Palisade Wall x1 |
| 22:54 | Dziamdziak · wall_segment Palisade Wall x1 |
| 22:55 | Dziamdziak · wall_segment Palisade Wall x1 |
| 22:58 | Dziamdziak · wall_segment Palisade Wall x1 |
| 23:10 | STORM | Noszombie · age_up feudal |
| 23:19 | STORM | Noszombie · first_building Archery Range |
| 23:55 | Dziamdziak · wall_segment Palisade Wall x1 |
| 23:57 | Dziamdziak · wall_segment Palisade Wall x1 |
| 24:39 | STORM | Noszombie · wall_segment Palisade Wall x1 |
| 24:40 | STORM | Noszombie · wall_segment Palisade Wall x1 |
| 24:42 | STORM | Noszombie · wall_segment Palisade Wall x1 |
| 26:10 | Dziamdziak · wall_segment Palisade Wall x1 |
| 26:11 | Dziamdziak · wall_segment Palisade Wall x1 |
| 26:12 | Dziamdziak · wall_segment Palisade Wall x1 |
| 26:14 | Dziamdziak · wall_segment Palisade Wall x1 |
| 26:15 | Dziamdziak · wall_segment Palisade Wall x1 |
| 27:39 | STORM | Noszombie · wall_segment Stone Wall x6 |
| 29:41 | Dziamdziak · wall_segment Stone Wall x1 |
| 29:42 | Dziamdziak · wall_segment Stone Wall x1 |
| 29:44 | Dziamdziak · wall_segment Stone Wall x1 |
| 29:46 | Dziamdziak · wall_segment Stone Wall x1 |
| 31:17 | Dziamdziak · first_market_buy 100 food |
| 31:40 | STORM | Noszombie · wall_segment Stone Wall x6 |
| 33:06 | STORM | Noszombie · first_market_buy 100 food |
| 34:14 | Dziamdziak · age_up castle |
| 35:13 | Dziamdziak · first_building Siege Workshop |
| 36:09 | STORM | Noszombie · age_up castle |
| 36:26 | STORM | Noszombie · first_building Siege Workshop |
| 40:15 | STORM | Noszombie · wall_segment Palisade Wall x1 |
| 42:00 | STORM | Noszombie · first_building Monastery |
| 45:49 | Dziamdziak · first_building Castle |
| 46:16 | STORM | Noszombie · first_building Castle |
| 47:27 | Dziamdziak · wall_segment Stone Wall x1 |
| 48:56 | Dziamdziak · first_market_sell 100 wood |
| 50:44 | Dziamdziak · first_building Monastery |
| 51:31 | STORM | Noszombie · age_up imperial |
| 52:15 | Dziamdziak · age_up imperial |
| 56:47 | STORM | Noszombie · first_building Stable |
| 62:00 | STORM | Noszombie · first_market_sell 500 wood |
| 62:13 | STORM | Noszombie · wall_segment Stone Wall x5 |
| 64:09 | STORM | Noszombie · resign |
[ AI ANALYSIS · 1 CREDIT ]
What really happened in this match?
Wolo.gg analyzes every decision: build order, eco, micro, common mistakes by bracket. Personalized analysis on WhatsApp or Discord in 30 seconds.
Civ guide
Ethiopians
Perfil
Jugador #879956